 Dungeon Crawl Stone Soup version 0.29.1-15-g9cfb28693d (webtiles) character file.

Game seed: 14124130727911753147

87 Ast3rio the Vexing (level 4, -4/34 HPs)
             Began as a Gnoll Arcane Marksman on Mar 8, 2023.
             Slain by an orc
             ... wielding a +0 hand axe
              (6 damage)
             ... on level 3 of the Dungeon.
             The game lasted 00:04:39 (2187 turns).

Ast3rio the Vexing (Gnoll Arcane Marksman)          Turns: 2187, Time: 00:04:40

Health: -4/34      AC:  2    Str: 11    XL:     4   Next: 51%
Magic:  7/8        EV: 13    Int: 13    God:
Gold:   153        SH:  0    Dex: 12    Spells: 8/9 levels left

rFire   . . .      SeeInvis .   a - +1 sling
rCold   . . .      Faith    .   (no shield)
rNeg    . . .      Spirit   .   (no body armour)
rPois   .          Reflect  .   (no helmet)
rElec   .          Harm     .   r - +1 cloak
rCorr   .          Rampage  .   (no gloves)
Will    .....                   (no boots)
Stlth   ++........              l - amulet of magic regeneration
HPRegen 0.11/turn               (no ring)
MPRegen 0.51/turn               (no ring)

@: no status effects
A: fangs 1, strong nose, distributed training
a: no special abilities


You were on level 3 of the Dungeon.
You visited 1 branch of the dungeon, and saw 3 of its levels.

You collected 153 gold pieces.

Inventory:

Hand Weapons
 a - a +1 sling (weapon)
 m - a +0 short sword of draining
 q - a +3 quarterstaff of chaos
Armour
 c - a +0 robe
 h - a +0 plate armour
 n - a +0 barding
 r - a +1 cloak (worn)
Jewellery
 l - an amulet of magic regeneration (around neck)
Scrolls
 b - a scroll of poison
 f - 3 scrolls of identify {unknown}
 g - 2 scrolls of torment {unknown}
 j - a scroll of summoning {unknown}
 k - 2 scrolls of enchant weapon {unknown}
 p - a scroll of teleportation {unknown}
Potions
 d - 2 potions of attraction {unknown}
 e - 3 potions of curing {unknown}
 i - a potion of cancellation {unknown}
 o - a potion of ambrosia {unknown}
 s - a potion of degeneration {unknown}
 t - a potion of lignification {unknown}


   Skills:
 + Level 2.8 Fighting
 + Level 1.2 Short Blades
 + Level 1.2 Long Blades
 + Level 1.2 Axes
 + Level 1.2 Maces & Flails
 + Level 1.2 Polearms
 + Level 1.2 Staves
 + Level 4.7 Ranged Weapons
 + Level 1.2 Throwing
 + Level 1.2 Armour
 + Level 4.7 Dodging
 + Level 1.2 Stealth
 + Level 1.2 Shields
 + Level 1.2 Unarmed Combat
 + Level 3.0 Spellcasting
 + Level 1.0 Conjurations
 + Level 5.5 Hexes
 + Level 1.0 Summonings
 + Level 1.0 Necromancy
 + Level 1.0 Translocations
 + Level 1.0 Transmutations
 + Level 1.0 Fire Magic
 + Level 1.0 Ice Magic
 + Level 1.0 Air Magic
 + Level 1.0 Earth Magic
 + Level 1.0 Poison Magic
 + Level 1.3 Invocations
 + Level 1.2 Evocations


You had 8 spell levels left.
You knew the following spells:

 Your Spells              Type           Power      Damage    Failure   Level
a - Slow                  Hex            64%        N/A       2%          1

Your spell library contained the following spells:

 Spells                   Type           Power      Damage    Failure   Level
 Magic Dart               Conj           16%        1d3       16%         1
 Inner Flame              Hex/Fire       10%        N/A       19%         3
 Portal Projectile        Hex/Tloc       20%        N/A       19%         3
 Call Imp                 Summ           4%         N/A       22%         2
 Static Discharge         Conj/Air       4%         3-4/arc   22%         2
 Cause Fear               Hex            8%         N/A       24%         4
 Gell's Gravitas          Tloc           4%         N/A       41%         3
 Lesser Beckoning         Tloc           4%         N/A       41%         3
 Mephitic Cloud           Conj/Pois/Air  4%         N/A       41%         3
 Teleport Other           Tloc           4%         N/A       41%         3
 Lightning Bolt           Conj/Air       2%         1d13      99%         5
 Maxwell's Capacitive Co  Air            2%         ∞         100%        8


Dungeon Overview and Level Annotations

Branches:
Dungeon (3/15)

Altars:
Uskayaw

Annotations:
D:3 Jingleheimer's ghost, amateur GrFi


Innate Abilities, Weirdness & Mutations

You have very sharp teeth.
Your uncanny sense of smell can sniff out nearby items.
Your experience applies equally to all skills.


Message History

You see here an adder corpse.
Found an escape hatch in the floor and an escape hatch in the ceiling.
Found a runed translucent gate.
The orc shouts! x2; You hear a shout!
Jingleheimer's ghost turns its malevolent gaze towards you.
The orc shouts!
Found a ring mail.
Found a roughly hewn altar of Beogh.
The orc shouts!
Jingleheimer's ghost says, "One skewered Gnoll, coming right up."
Found an embroidered scarf.
You open the gate. You shoot a sling bullet. The sling bullet hits the orc!
You kill the orc!
The orc hits you but does no damage.
You shoot a sling bullet.
The sling bullet hits Jingleheimer's ghost but does no damage.
The orc misses you.
The orc hits you from afar with a +6 trident!
The orc hits you with a +0 dagger. Jingleheimer's ghost hits you.
You are too injured to fight recklessly!
You are too injured to fight recklessly!
You are too injured to fight recklessly!
You are too injured to fight recklessly!
You are too injured to fight recklessly!
Aiming: Slow (safe; 2% risk of failure)
Press: ? - help, Q - select action, (/) - cycle Shift-Dir - straight line, f/p - Jingleheimer's ghost
Aim: Jingleheimer's ghost (chance to affect: 44%) Jingleheimer's ghost resists with some effort.
The orc hits you with a +0 hand axe.
* * * LOW HITPOINT WARNING * * *
The orc hits you from afar with a +6 trident.
* * * LOW HITPOINT WARNING * * *
The orc closely misses you. Jingleheimer's ghost hits you.
* * * LOW HITPOINT WARNING * * *
Aiming: Slow (safe; 2% risk of failure)
Press: ? - help, Q - select action, (/) - cycle Shift-Dir - straight line, f/p - Jingleheimer's ghost
Aim: Jingleheimer's ghost (chance to affect: 44%) Jingleheimer's ghost resists with some effort.
The orc hits you with a +0 hand axe.
You die...

†............< ..#
#.###........##...#
#.#...#............###+##
#................. .....
......#..###.##.###.#.# #
.............>........#.#
.........................
##....#.................#
#....#.8......o@.....8.#
##....#.######oWo######.#
......#.#......o......#
##....#.#....#####....#
........#.###.....###.#
........#.#8#..8..#8#.#
####.#..#............ #
.#..#8....[_[....8 .# ##


You could see Jingleheimer's ghost and 4 orcs.

Vanquished Creatures
  Crazy Yiuf (D:2)
  2 adders
  A dart slug (D:3)
  An orc (D:3)
  2 ball pythons
  3 endoplasms
  3 giant cockroaches
  3 goblins
  6 hobgoblins
  2 quokkas (D:1)
  6 bats
  2 frilled lizards (D:1)
  2 kobolds (D:1)
  3 rats
37 creatures vanquished.

Notes
Turn   | Place    | Note
-------+----------+-------------------------------------------
     0 | D:1      | Ast3rio the Gnoll Arcane Marksman began the quest for the
                  | Orb.
     0 | D:1      | Reached XP level 1. HP: 17/17 MP: 4/4
   189 | D:1      | Reached XP level 2. HP: 23/23 MP: 5/5
  1038 | D:2      | Found a hide-covered altar of Uskayaw.
  1176 | D:2      | Reached XP level 3. HP: 24/28 MP: 7/7
  1473 | D:2      | Found a faded altar of an unknown god.
  1512 | D:2      | Found a runed translucent door.
  1513 | D:2      | Noticed Crazy Yiuf
  1593 | D:2      | Reached skill level 1 in Invocations
  1808 | D:2      | Killed Crazy Yiuf
  1809 | D:2      | Reached skill level 1 in Short Blades
  1809 | D:2      | Reached skill level 1 in Long Blades
  1809 | D:2      | Reached skill level 1 in Axes
  1809 | D:2      | Reached skill level 1 in Maces & Flails
  1809 | D:2      | Reached skill level 1 in Polearms
  1809 | D:2      | Reached skill level 1 in Staves
  1809 | D:2      | Reached skill level 1 in Throwing
  1809 | D:2      | Reached skill level 1 in Armour
  1809 | D:2      | Reached skill level 1 in Stealth
  1809 | D:2      | Reached skill level 1 in Shields
  1809 | D:2      | Reached skill level 1 in Unarmed Combat
  1809 | D:2      | Reached skill level 1 in Evocations
  1809 | D:2      | Reached XP level 4. HP: 22/34 MP: 8/8
  2146 | D:3      | Reached skill level 1 in Conjurations
  2146 | D:3      | Reached skill level 1 in Summonings
  2146 | D:3      | Reached skill level 1 in Necromancy
  2146 | D:3      | Reached skill level 1 in Translocations
  2146 | D:3      | Reached skill level 1 in Transmutations
  2146 | D:3      | Reached skill level 1 in Fire Magic
  2146 | D:3      | Reached skill level 1 in Ice Magic
  2146 | D:3      | Reached skill level 1 in Air Magic
  2146 | D:3      | Reached skill level 1 in Earth Magic
  2146 | D:3      | Reached skill level 1 in Poison Magic
  2164 | D:3      | Found a runed translucent gate.
  2165 | D:3      | Found a runed translucent gate.
  2165 | D:3      | Identified the +5 ring mail "Tarried" {rC+ Dex+5}
  2166 | D:3      | Found a runed translucent gate.
  2167 | D:3      | Noticed Jingleheimer's ghost (amateur GrFi)
  2187 | D:3      | Slain by an orc

Illustrated notes

Levels and vault maps discovered:
D:1:      wander_arrival_peaceful_grave, layout_basic
D:2:      layout_rooms, chequers_ecumenical_altar_simple_redux, basic_altar,
          uniq_crazy_yiuf_cottage
D:3:      layout_basic, jmf_multi_god_temple, biasface_ghost_orc_armoury,
          chequers_arboretum, chequers_hall_statues_corner_a, uniq_jessica

Skill      XL: |  1  2  3  4 |
---------------+-------------+-----
Invocations    | 1 |  1.3
Short Blades   | 1 |  1.2
Long Blades    | 1 |  1.2
Axes           | 1 |  1.2
Maces & Flails | 1 |  1.2
Polearms       | 1 |  1.2
Staves         | 1 |  1.2
Throwing       | 1 |  1.2
Armour         | 1 |  1.2
Stealth        | 1 |  1.2
Shields        | 1 |  1.2
Unarmed Combat | 1 |  1.2
Spellcasting   | 3 |  3.0
Evocations     | 1 |  1.2
Conjurations   | 1 |  1.0
Summonings     | 1 |  1.0
Necromancy     | 1 |  1.0
Translocations | 1 |  1.0
Transmutations | 1 |  1.0
Fire Magic     | 1 |  1.0
Ice Magic      | 1 |  1.0
Air Magic      | 1 |  1.0
Earth Magic    | 1 |  1.0
Poison Magic   | 1 |  1.0
Fighting       | |  2.8
Ranged Weapons | |  4.7
Dodging        | |  4.7
Hexes          | |  5.5

Action                   |  1- 3 |  4- 6 || total
-------------------------+-------+-------++-------
Melee: Sling             |     4 |       ||     4
       Bite              |     2 |       ||     2
 Fire: Sling             |    88 |    16 ||   104
 Cast: Slow              |       |     2 ||     2
Armor: Robe              |     2 |       ||     2
       Skin              |       |     2 ||     2
Dodge: Dodged            |    28 |     4 ||    32
